NULL
Full Scoreboard »»

Maple Leafs vs Oilers

Created - April 27, 2024 at 00:54

Goals
1 2 3 OT1 SO T
Maple Leafs 0 2 1 0 0 3
Oilers 0 1 2 0 1 4
Shots
1 2 3 OT1 SO T
Maple Leafs 12 14 4 0 3 30
Oilers 10 13 15 0 2 38

GoalsPenalties
1st period
No Goal
Jujhar Khaira (EDM) for Hooking (Minor) at 15:55
2nd period
1. Oilers , Kailer Yamamoto 30 (Bryan Rust 42) at 1:20
2. Maple Leafs , William Nylander 29 (Jonathan Marchessault 33) at 2:11 (SH)
3. Maple Leafs , Jonathan Marchessault 24 (William Nylander 36) at 19:22 (PP)
Jujhar Khaira (EDM) for Fighting (Major) at 1:21
Dylan Strome (TOR) for Fighting (Major) at 1:21
Ryan Graves (TOR) for Interference (Minor) at 1:24
Nate Danielson (EDM) for Slashing (Minor) at 18:53
3rd period
4. Maple Leafs , William Nylander 30 (Ryan Graves 19) at 8:37
5. Oilers , Jason Dickinson 13 (Bryan Rust 43, Kailer Yamamoto 30) at 17:24
6. Oilers , Jason Dickinson 14 (Bryan Rust 44, Samuel Girard 21) at 19:26
Ross Colton (TOR) for Goalie Interference (Minor) at 0:59
Brett Kulak (EDM) for Fighting (Major) at 4:15
Jake Bean (TOR) for Fighting (Major) at 4:15
Jason Dickinson (EDM) for Hooking (Minor) at 10:21
Calle Jarnkrok (TOR) for Hooking (Minor) at 14:23
Overtime #1
No Goal
Shootout
Maple Leafs, William Nylander - Stopped by Adin Hill
Oilers, Bryan Rust - Stopped by Marc-Andre Fleury
Maple Leafs, Jonathan Marchessault - Stopped by Adin Hill
Oilers, Kailer Yamamoto - Goal!
Maple Leafs, Dylan Strome - Shot Misses the Net
Goalie Stats
Marc-Andre Fleury (TOR), 35 saves from 38 shots - (0.921), OTL, 37-14-4, 65:00 minutes
Adin Hill (EDM), 27 saves from 30 shots - (0.900), W, 27-29-5, 64:34 minutes
3 StarsOfficial
1 - Jason Dickinson (EDM)
2 - Kailer Yamamoto (EDM)
3 - William Nylander (TOR)
Referees : Unknown
Linesman : Unknown
Game Note
Dylan Strome beats up Jujhar Khaira at 1:21 of 2nd period
Brett Kulak and Jake Bean fight to a draw at 4:15 of 3rd period



Team Name Goals Shots Shots Attemp Shots Blocked PIM HIT PP PK FO%
Maple Leafs 33057916341 / 3 (33%)048%
Oilers 43877716280 / 3 (0%)152%

Maple Leafs
Player Name POS G A P +/- PIM HIT SHT SB MP PP MP PP SHT PK MP PK SHT FO% FOT GA TA
Andrew PeekeD0000030014:300:0000:0000% 000
Calle JarnkrokC/LW/RW000-121109:290:0000:050100% 200
Carter VerhaegheC/LW/RW000-1051017:042:1700:030100% 101
Dawson MercerC/RW0000004012:250:0001:0200% 201
Dylan StromeC/LW0001550019:571:5101:51059% 2700
Jake BeanD0001500112:580:0000:5100% 001
Jason SpezzaC000-100319:130:4100:00025% 400
Jonathan MarchessaultC/LW/RW1121036023:051:5512:591100% 112
Kris LetangD000-1051126:322:2702:4600% 000
Michael BuntingLW/RW000-1030016:422:1700:0000% 100
Morgan RiellyD000-1000125:062:2702:4600% 010
Nick SuzukiC/RW000-2032020:012:1002:54133% 932
Nicklas BackstromC/RW000-100028:320:0000:0000% 000
Ross ColtonC/LW/RW0000211011:470:0000:0000% 000
Ryan GravesD011-1231223:172:0002:2000% 001
Sean DurziD0000001022:392:0003:1100% 000
Will SmithC0000013012:190:1300:00067% 601
William NylanderC/LW/RW2131016123:221:5713:00122% 911
Oilers
Player Name POS G A P +/- PIM HIT SHT SB MP PP MP PP SHT PK MP PK SHT FO% FOT GA TA
Alexander EdlerD0000010014:190:0000:0000% 001
Brayden YagerC000-2013017:581:0500:00045% 1110
Brett KulakD0000502112:420:0000:0000% 000
Bryan RustC/RW0333032020:333:0312:17057% 2311
Cameron YorkD000-1004122:332:3202:0900% 000
Dakota JoshuaC000000008:210:0000:01033% 300
Jason DickinsonC/LW2023223319:513:0301:1000% 000
Jujhar KhairaC/LW/RW0000741015:421:4900:3600% 000
Kailer YamamotoRW1123045020:173:0312:0800% 030
Matthew WoodRW000-1023017:002:5410:00075% 400
Mattias SamuelssonD000-1012024:442:3202:0900% 002
Nate DanielsonC000-1215019:002:5411:47053% 1900
Nicolas DeslauriersLW/RW000000108:020:0000:0000% 010
Oskar SundqvistC/RW000-1012114:540:0000:0000% 110
Ryan McLeodC/LW000-1031015:490:0000:5500% 111
Ryan ReavesRW000002008:020:0000:0000% 000
Samuel GirardD0112012025:163:2502:1800% 020
Seth JonesD0002022125:253:2502:1800% 001

Maple Leafs

5 vs 5 Forward
Line #Left WingCenterRight WingPHYDFOFWanted %Time %Time Play
1William NylanderDylan StromeJonathan Marchessault1223533%16:11
2Michael BuntingNick SuzukiCarter Verhaeghe1223027%13:03
3Ross ColtonWill SmithDawson Mercer1222023%11:15
4Calle JarnkrokJason SpezzaNicklas Backstrom1221517%8:32
5 vs 5 Defense
Line #DefenseDefensePHYDFOFWanted %Time %Time Play
1Kris LetangMorgan Rielly1133533%16:22
2Ryan GravesSean Durzi1223534%16:51
3Andrew PeekeJake Bean1313031%15:16
4Kris LetangMorgan Rielly12201%0:32
Power Play Forward
Line #Left WingCenterRight WingPHYDFOFWanted %Time %Time Play
1Jonathan MarchessaultWilliam NylanderNick Suzuki1225049%2:10
2Michael BuntingDylan StromeCarter Verhaeghe1225051%2:17
Power Play Defense
Line #DefenseDefensePHYDFOFWanted %Time %Time Play
1Kris LetangMorgan Rielly1225055%2:27
2Ryan GravesSean Durzi1225045%2:00
Penalty Kill 4 Players Forward
Line #CenterWingPHYDFOFWanted %Time %Time Play
1William NylanderJonathan Marchessault1225051%3:03
2Dylan StromeNick Suzuki1225049%2:54
Penalty Kill 4 Players Defense
Line #DefenseDefensePHYDFOFWanted %Time %Time Play
1Kris LetangMorgan Rielly1225046%2:46
2Ryan GravesSean Durzi1225054%3:11
Penalty Kill 3 Players
Line #WingPHYDFOFWanted %Time %Time PlayDefenseDefensePHYDFOFWanted %Time %Time Play
1William Nylander122500%0:00 Kris LetangMorgan Rielly122500%0:00
2Jonathan Marchessault122500%0:00 Ryan GravesSean Durzi122500%0:00
4 vs 4 Forward
Line #CenterWingPHYDFOFWanted %Time %Time Play
1William NylanderJonathan Marchessault122500%0:00
2Dylan StromeNick Suzuki122500%0:00
4 vs 4 Defense
Line #DefensePHYDFOFWanted %Time %Time Play
1Kris LetangMorgan Rielly122500%0:00
2Ryan GravesSean Durzi122500%0:00
Last Minutes Offensive
Left WingCenterRight WingDefenseDefense
Jonathan MarchessaultWilliam NylanderNick SuzukiKris LetangMorgan Rielly
Last Minutes Defensive
Left WingCenterRight WingDefenseDefense
Jonathan MarchessaultWilliam NylanderNick SuzukiKris LetangMorgan Rielly
Time
Total ForwardTotal DefenseLast Minutes OffensiveLast Minutes Defensive
60:00 60:00 0:000:35
Extra Forwards
Normal PowerPlayPenalty Kill
Calle Jarnkrok, Carter Verhaeghe, Dylan StromeJason Spezza, Will SmithDawson Mercer
Extra Defensemen
Normal PowerPlayPenalty Kill
Andrew Peeke, Jake Bean, Ryan GravesAndrew Peeke, Jake BeanRyan Graves
Penalty Shots
William Nylander, Jonathan Marchessault, Dylan Strome, Nick Suzuki, Michael Bunting
Goalie
Marc-Andre Fleury, Connor Ingram
Custom OT Lines Forwards
William Nylander, Jonathan Marchessault, Dylan Strome, Nick Suzuki, Michael Bunting, Carter Verhaeghe, Will Smith, Dawson Mercer, Jason Spezza, Ross Colton
Custom OT Lines Defensemen
Kris Letang, Morgan Rielly, Ryan Graves, Sean Durzi, Andrew Peeke
Scratches
Danton Heinen (Healthy), Matthew Highmore (Healthy), Arvid Soderblom (Healthy)

Oilers

5 vs 5 Forward
Line #Left WingCenterRight WingPHYDFOFWanted %Time %Time Play
1Jason DickinsonBryan RustKailer Yamamoto1223027%13:14
2Jujhar KhairaNate DanielsonMatthew Wood1223027%13:03
3Ryan McLeodBrayden YagerOskar Sundqvist1223030%14:54
4Nicolas DeslauriersDakota JoshuaRyan Reaves1221016%8:02
5 vs 5 Defense
Line #DefenseDefensePHYDFOFWanted %Time %Time Play
1Seth JonesSamuel Girard1223536%17:30
2Mattias SamuelssonCameron York1223535%17:24
3Brett KulakAlexander Edler1223029%14:19
4Seth JonesSamuel Girard12200%0:00
Power Play Forward
Line #Left WingCenterRight WingPHYDFOFWanted %Time %Time Play
1Jason DickinsonBryan RustKailer Yamamoto1225051%3:03
2Jujhar KhairaNate DanielsonMatthew Wood1225049%2:54
Power Play Defense
Line #DefenseDefensePHYDFOFWanted %Time %Time Play
1Seth JonesSamuel Girard1225057%3:25
2Mattias SamuelssonCameron York1225043%2:32
Penalty Kill 4 Players Forward
Line #CenterWingPHYDFOFWanted %Time %Time Play
1Bryan RustKailer Yamamoto1225048%2:08
2Nate DanielsonJason Dickinson1225052%2:19
Penalty Kill 4 Players Defense
Line #DefenseDefensePHYDFOFWanted %Time %Time Play
1Seth JonesSamuel Girard1225052%2:18
2Mattias SamuelssonCameron York1225048%2:09
Penalty Kill 3 Players
Line #WingPHYDFOFWanted %Time %Time PlayDefenseDefensePHYDFOFWanted %Time %Time Play
1Bryan Rust122500%0:00 Seth JonesSamuel Girard122500%0:00
2Kailer Yamamoto122500%0:00 Mattias SamuelssonCameron York122500%0:00
4 vs 4 Forward
Line #CenterWingPHYDFOFWanted %Time %Time Play
1Bryan RustKailer Yamamoto122500%0:00
2Nate DanielsonJason Dickinson122500%0:00
4 vs 4 Defense
Line #DefensePHYDFOFWanted %Time %Time Play
1Seth JonesSamuel Girard122500%0:00
2Mattias SamuelssonCameron York122500%0:00
Last Minutes Offensive
Left WingCenterRight WingDefenseDefense
Jason DickinsonBryan RustKailer YamamotoSeth JonesSamuel Girard
Last Minutes Defensive
Left WingCenterRight WingDefenseDefense
Jason DickinsonBryan RustKailer YamamotoSeth JonesSamuel Girard
Time
Total ForwardTotal DefenseLast Minutes OffensiveLast Minutes Defensive
60:00 60:00 0:230:00
Extra Forwards
Normal PowerPlayPenalty Kill
Brayden Yager, Oskar Sundqvist, Ryan McLeodBrayden Yager, Oskar SundqvistRyan McLeod
Extra Defensemen
Normal PowerPlayPenalty Kill
Brett Kulak, Alexander Edler, Mattias SamuelssonBrett Kulak, Alexander EdlerMattias Samuelsson
Penalty Shots
Bryan Rust, Kailer Yamamoto, Nate Danielson, Jason Dickinson, Matthew Wood
Goalie
Adin Hill, Brian Elliott
Custom OT Lines Forwards
Bryan Rust, Kailer Yamamoto, Nate Danielson, Jason Dickinson, Matthew Wood, Brayden Yager, Jujhar Khaira, Oskar Sundqvist, Ryan McLeod, Nicolas Deslauriers
Custom OT Lines Defensemen
Seth Jones, Samuel Girard, Mattias Samuelsson, Cameron York, Brett Kulak
Scratches
Michael Eyssimont (Healthy), Alex Nedeljkovic (Healthy), Elvis Merzlikins (Healthy)


Play-by-Play

1st period


0:01 of 1st period - Dylan Strome wins face-off versus Bryan Rust in neutral zone.
0:35 of 1st period - Snap shot by Matthew Wood.
0:35 of 1st period - Shot Blocked by Kris Letang.
1:15 of 1st period - Slapshot by Cameron York.
1:15 of 1st period - Deflect By Nicolas Deslauriers.
1:15 of 1st period - Deflect By Sean Durzi.
1:15 of 1st period - Shot Blocked by Ryan Graves.
1:15 of 1st period - Puck is out of play.
1:16 of 1st period - Nate Danielson wins face-off versus Dylan Strome in Maple Leafs zone.
2:14 of 1st period - Snap shot by Dylan Strome.
2:14 of 1st period - Deflect By William Nylander.
2:14 of 1st period - Stopped by Adin Hill with a rebound.
2:26 of 1st period - Ryan Reaves is hit by Michael Bunting and loses puck.
2:35 of 1st period - Slapshot by Samuel Girard.
2:35 of 1st period - Stopped by Marc-Andre Fleury without a rebound.
2:36 of 1st period - Nate Danielson wins face-off versus Will Smith in Maple Leafs zone.
3:01 of 1st period - Cameron York is hit by Nick Suzuki and loses puck.
3:34 of 1st period - Wrist shot by Kailer Yamamoto.
3:34 of 1st period - Stopped by Marc-Andre Fleury with a rebound.
3:52 of 1st period - Ryan Graves is hit by Jujhar Khaira and loses puck.
4:58 of 1st period - Snap shot by Brayden Yager.
4:58 of 1st period - Shot Misses the Net.
5:00 of 1st period - Slapshot by Mattias Samuelsson.
5:00 of 1st period - Deflect By Ross Colton.
5:00 of 1st period - Stopped by Marc-Andre Fleury with a rebound.
5:14 of 1st period - Mattias Samuelsson is hit by Andrew Peeke and loses puck.
5:19 of 1st period - Snap shot by William Nylander.
5:19 of 1st period - Shot Misses the Net.
5:21 of 1st period - Wrist shot by Jonathan Marchessault.
5:21 of 1st period - Shot Misses the Net.
5:23 of 1st period - Snap shot by Andrew Peeke.
5:23 of 1st period - Shot Blocked by Cameron York.
5:33 of 1st period - Kris Letang is hit by Ryan Reaves and loses puck.
5:52 of 1st period - Mattias Samuelsson is hit by Kris Letang.
6:46 of 1st period - Backhand shot by Jonathan Marchessault.
6:46 of 1st period - Stopped by Adin Hill without a rebound.
6:47 of 1st period - Nick Suzuki wins face-off versus Bryan Rust in Oilers zone.
6:48 of 1st period - Snap shot by Carter Verhaeghe.
6:48 of 1st period - Stopped by Adin Hill without a rebound.
6:49 of 1st period - Carter Verhaeghe wins face-off versus Bryan Rust in Oilers zone.
6:49 of 1st period - Michael Bunting is hit by Seth Jones and loses puck.
7:16 of 1st period - Wrist shot by William Nylander.
7:16 of 1st period - Shot Misses the Net.
7:44 of 1st period - Snap shot by Nate Danielson.
7:44 of 1st period - Shot Misses the Net.
7:46 of 1st period - Slapshot by Brett Kulak.
7:46 of 1st period - Stopped by Marc-Andre Fleury with a rebound.
7:48 of 1st period - Slapshot by Brett Kulak.
7:48 of 1st period - Stopped by Marc-Andre Fleury with a rebound.
8:07 of 1st period - Snap shot by Dawson Mercer.
8:07 of 1st period - Stopped by Adin Hill without a rebound.
8:08 of 1st period - Nick Suzuki wins face-off versus Bryan Rust in Oilers zone.
9:01 of 1st period - Ryan Graves is hit by Matthew Wood and loses puck.
9:09 of 1st period - Off-side.
9:10 of 1st period - Matthew Wood wins face-off versus William Nylander in neutral zone.
9:13 of 1st period - Morgan Rielly is hit by Jujhar Khaira and loses puck.
9:35 of 1st period - Carter Verhaeghe is hit by Bryan Rust and loses puck.
10:09 of 1st period - Off-side.
10:10 of 1st period - Dylan Strome wins face-off versus Dakota Joshua in neutral zone.
10:15 of 1st period - Snap shot by Jonathan Marchessault.
10:15 of 1st period - Stopped by Adin Hill with a rebound.
10:17 of 1st period - Snap shot by Ryan Graves.
10:17 of 1st period - Shot Misses the Net.
10:19 of 1st period - Snap shot by Jonathan Marchessault.
10:19 of 1st period - Stopped by Adin Hill with a rebound.
10:21 of 1st period - Snap shot by William Nylander.
10:21 of 1st period - Stopped by Adin Hill without a rebound.
10:22 of 1st period - Nate Danielson wins face-off versus Dylan Strome in Oilers zone.
10:47 of 1st period - Seth Jones is hit by Nick Suzuki and loses puck.
11:18 of 1st period - Off-side.
11:19 of 1st period - Dylan Strome wins face-off versus Nate Danielson in neutral zone.
11:28 of 1st period - Snap shot by Jonathan Marchessault.
11:28 of 1st period - Stopped by Adin Hill with a rebound.
11:53 of 1st period - Backhand shot by Nate Danielson.
11:53 of 1st period - Shot Misses the Net.
11:55 of 1st period - Wrist shot by Jujhar Khaira.
11:55 of 1st period - Stopped by Marc-Andre Fleury with a rebound.
12:01 of 1st period - Snap shot by Matthew Wood.
12:01 of 1st period - Stopped by Marc-Andre Fleury without a rebound.
12:02 of 1st period - Bryan Rust wins face-off versus Nick Suzuki in Maple Leafs zone.
12:13 of 1st period - Snap shot by Bryan Rust.
12:13 of 1st period - Shot Misses the Net.
12:15 of 1st period - Slapshot by Samuel Girard.
12:15 of 1st period - Deflect By Bryan Rust.
12:15 of 1st period - Shot Misses the Net.
12:15 of 1st period - Puck is out of play.
12:16 of 1st period - Dylan Strome wins face-off versus Brayden Yager in Maple Leafs zone.
12:16 of 1st period - Dylan Strome is hit by Alexander Edler.
12:22 of 1st period - Brayden Yager is hit by Kris Letang and loses puck.
13:05 of 1st period - Slapshot by Will Smith.
13:05 of 1st period - Shot Misses the Net.
13:13 of 1st period - Slapshot by Kailer Yamamoto.
13:13 of 1st period - Deflect By Bryan Rust.
13:13 of 1st period - Shot Misses the Net.
13:13 of 1st period - Puck is out of play.
13:14 of 1st period - Dylan Strome wins face-off versus Oskar Sundqvist in Maple Leafs zone.
13:14 of 1st period - Dylan Strome is hit by Samuel Girard.
13:40 of 1st period - Jason Dickinson is hit by Carter Verhaeghe and loses puck.
14:43 of 1st period - Slapshot by Samuel Girard.
14:43 of 1st period - Stopped by Marc-Andre Fleury without a rebound.
14:44 of 1st period - Brayden Yager wins face-off versus Dylan Strome in Maple Leafs zone.
14:49 of 1st period - Snap shot by Oskar Sundqvist.
14:49 of 1st period - Shot Misses the Net.
14:51 of 1st period - Slapshot by Mattias Samuelsson.
14:51 of 1st period - Stopped by Marc-Andre Fleury without a rebound.
14:52 of 1st period - Dylan Strome wins face-off versus Bryan Rust in Maple Leafs zone.
14:52 of 1st period - Dylan Strome is hit by Jason Dickinson.
15:05 of 1st period - Icing by Jake Bean.
15:06 of 1st period - Brayden Yager wins face-off versus Dylan Strome in Maple Leafs zone.
15:11 of 1st period - Slapshot by Seth Jones.
15:11 of 1st period - Stopped by Marc-Andre Fleury without a rebound.
15:12 of 1st period - Brayden Yager wins face-off versus Michael Bunting in Maple Leafs zone.
15:27 of 1st period - Backhand shot by Brayden Yager.
15:27 of 1st period - Shot Misses the Net.
15:55 of 1st period - Minor Penalty to Jujhar Khaira for Hooking.
15:56 of 1st period - Bryan Rust wins face-off versus William Nylander in Oilers zone.
16:09 of 1st period - Snap shot by William Nylander.
16:09 of 1st period - Stopped by Adin Hill with a rebound.
16:11 of 1st period - Snap shot by Jonathan Marchessault.
16:11 of 1st period - Shot Blocked by Jason Dickinson.
16:21 of 1st period - Carter Verhaeghe is hit by Kailer Yamamoto and loses puck.
17:24 of 1st period - Seth Jones is hit by Dylan Strome and loses puck.
17:44 of 1st period - Mattias Samuelsson is hit by Kris Letang and loses puck.
17:55 of 1st period - Penalty to Jujhar Khaira is over, Jujhar Khaira is back on ice.
18:37 of 1st period - Off-side.
18:38 of 1st period - Brayden Yager wins face-off versus Jason Spezza in neutral zone.
18:49 of 1st period - Ryan McLeod is hit by Ryan Graves and loses puck.
19:06 of 1st period - Wrist shot by Calle Jarnkrok.
19:06 of 1st period - Shot Blocked by Brett Kulak.
19:08 of 1st period - Snap shot by Jason Spezza.
19:08 of 1st period - Stopped by Adin Hill with a rebound.
19:10 of 1st period - Snap shot by Nicklas Backstrom.
19:10 of 1st period - Deflect By Jason Spezza.
19:10 of 1st period - Stopped by Adin Hill with a rebound.
19:12 of 1st period - Wrist shot by Jason Spezza.
19:12 of 1st period - Shot Blocked by Oskar Sundqvist.
19:28 of 1st period - Snap shot by Calle Jarnkrok.
19:28 of 1st period - Stopped by Adin Hill with a rebound.
19:30 of 1st period - Snap shot by Jason Spezza.
19:30 of 1st period - Deflect By Nicklas Backstrom.
19:30 of 1st period - Shot Misses the Net.
19:30 of 1st period - Puck is out of play.
19:31 of 1st period - Dylan Strome wins face-off versus Bryan Rust in Oilers zone.
19:56 of 1st period - Kailer Yamamoto is hit by Will Smith and loses puck.
Goals for this period are 0 for Maple Leafs vs 0 for Oilers.
Shots for this period are 12 for Maple Leafs vs 10 for Oilers.

2nd period


0:01 of 2nd period - Dylan Strome wins face-off versus Nate Danielson in neutral zone.
0:27 of 2nd period - Jason Dickinson is hit by Nick Suzuki and loses puck.
0:36 of 2nd period - Snap shot by Nick Suzuki.
0:36 of 2nd period - Shot Misses the Net.
0:38 of 2nd period - Snap shot by Carter Verhaeghe.
0:38 of 2nd period - Shot Misses the Net.
0:58 of 2nd period - Snap shot by Will Smith.
0:58 of 2nd period - Stopped by Adin Hill without a rebound.
0:59 of 2nd period - Nate Danielson wins face-off versus Dylan Strome in Oilers zone.
1:12 of 2nd period - Snap shot by Nate Danielson.
1:12 of 2nd period - Stopped by Marc-Andre Fleury without a rebound.
1:13 of 2nd period - Bryan Rust wins face-off versus Nick Suzuki in Maple Leafs zone.
1:16 of 2nd period - Wrist shot by Jason Dickinson.
1:16 of 2nd period - Deflect By Nick Suzuki.
1:16 of 2nd period - Stopped by Marc-Andre Fleury without a rebound.
1:17 of 2nd period - Bryan Rust wins face-off versus Nick Suzuki in Maple Leafs zone.
1:20 of 2nd period - Snap shot by Kailer Yamamoto.
1:20 of 2nd period - Goal by Kailer Yamamoto - Maple Leafs : 0 - Oilers : 1.
1:21 of 2nd period - Dylan Strome wins face-off versus Nate Danielson in neutral zone.
1:21 of 2nd period - Dylan Strome beats up Jujhar Khaira.
1:21 of 2nd period - Penalty to Jujhar Khaira for Fighting.
1:21 of 2nd period - Penalty to Dylan Strome for Fighting.
1:22 of 2nd period - Calle Jarnkrok wins face-off versus Nate Danielson in neutral zone.
1:24 of 2nd period - Minor Penalty to Ryan Graves for Interference.
1:25 of 2nd period - Bryan Rust wins face-off versus William Nylander in Maple Leafs zone.
1:29 of 2nd period - Slapshot by Kailer Yamamoto.
1:29 of 2nd period - Stopped by Marc-Andre Fleury without a rebound.
1:30 of 2nd period - Bryan Rust wins face-off versus William Nylander in Maple Leafs zone.
1:35 of 2nd period - Snap shot by Bryan Rust.
1:35 of 2nd period - Shot Misses the Net.
1:55 of 2nd period - Snap shot by William Nylander.
1:55 of 2nd period - Deflect By Jonathan Marchessault.
1:55 of 2nd period - Stopped by Adin Hill without a rebound.
1:56 of 2nd period - William Nylander wins face-off versus Matthew Wood in Oilers zone.
2:11 of 2nd period - Wrist shot by William Nylander.
2:11 of 2nd period - Goal by William Nylander - Maple Leafs : 1 - Oilers : 1.
2:12 of 2nd period - Nate Danielson wins face-off versus Dawson Mercer in neutral zone.
2:16 of 2nd period - Off-side.
2:17 of 2nd period - Nate Danielson wins face-off versus Dawson Mercer in neutral zone.
2:24 of 2nd period - Backhand shot by Nate Danielson.
2:24 of 2nd period - Stopped by Marc-Andre Fleury with a rebound.
2:26 of 2nd period - Slapshot by Mattias Samuelsson.
2:26 of 2nd period - Shot Misses the Net.
2:28 of 2nd period - Snap shot by Mattias Samuelsson.
2:28 of 2nd period - Shot Misses the Net.
2:30 of 2nd period - Slapshot by Nate Danielson.
2:30 of 2nd period - Shot Misses the Net.
2:46 of 2nd period - Wrist shot by Bryan Rust.
2:46 of 2nd period - Stopped by Marc-Andre Fleury without a rebound.
2:47 of 2nd period - Bryan Rust wins face-off versus William Nylander in Maple Leafs zone.
3:12 of 2nd period - Nate Danielson is hit by Kris Letang and loses puck.
3:24 of 2nd period - Penalty to Ryan Graves is over, Ryan Graves is back on ice.
3:37 of 2nd period - Jason Spezza is hit by Ryan Reaves and loses puck.
4:26 of 2nd period - Dakota Joshua is hit by Carter Verhaeghe and loses puck.
4:39 of 2nd period - Slapshot by Sean Durzi.
4:39 of 2nd period - Stopped by Adin Hill without a rebound.
4:40 of 2nd period - Bryan Rust wins face-off versus Jason Spezza in Oilers zone.
4:47 of 2nd period - Wrist shot by Kailer Yamamoto.
4:47 of 2nd period - Stopped by Marc-Andre Fleury without a rebound.
4:48 of 2nd period - Calle Jarnkrok wins face-off versus Nate Danielson in Maple Leafs zone.
5:17 of 2nd period - Ross Colton is hit by Jason Dickinson and loses puck.
6:21 of 2nd period - Slapshot by Nate Danielson.
6:21 of 2nd period - Shot Blocked by Ryan Graves.
6:33 of 2nd period - Ryan Graves is hit by Kailer Yamamoto and loses puck.
7:36 of 2nd period - Wrist shot by Dawson Mercer.
7:36 of 2nd period - Shot Blocked by Seth Jones.
7:57 of 2nd period - Slapshot by Cameron York.
7:57 of 2nd period - Shot Misses the Net.
7:59 of 2nd period - Slapshot by Nicolas Deslauriers.
7:59 of 2nd period - Shot Blocked by Jason Spezza.
8:01 of 2nd period - Slapshot by Cameron York.
8:01 of 2nd period - Shot Misses the Net.
8:03 of 2nd period - Snap shot by Mattias Samuelsson.
8:03 of 2nd period - Deflect By Nicolas Deslauriers.
8:03 of 2nd period - Shot Misses the Net.
8:03 of 2nd period - Puck is out of play.
8:04 of 2nd period - William Nylander wins face-off versus Nate Danielson in Maple Leafs zone.
8:31 of 2nd period - Carter Verhaeghe is hit by Ryan McLeod and loses puck.
9:20 of 2nd period - Wrist shot by Kailer Yamamoto.
9:20 of 2nd period - Stopped by Marc-Andre Fleury with a rebound.
9:22 of 2nd period - Snap shot by Bryan Rust.
9:22 of 2nd period - Stopped by Marc-Andre Fleury with a rebound.
9:40 of 2nd period - Matthew Wood is hit by Jonathan Marchessault.
10:18 of 2nd period - Kailer Yamamoto is hit by Andrew Peeke and loses puck.
10:43 of 2nd period - Wrist shot by Dakota Joshua.
10:43 of 2nd period - Shot Misses the Net.
10:53 of 2nd period - Slapshot by Nate Danielson.
10:53 of 2nd period - Stopped by Marc-Andre Fleury without a rebound.
10:54 of 2nd period - Dylan Strome wins face-off versus Nate Danielson in Maple Leafs zone.
11:19 of 2nd period - Samuel Girard is hit by Michael Bunting and loses puck.
11:28 of 2nd period - Snap shot by Michael Bunting.
11:28 of 2nd period - Shot Misses the Net.
11:30 of 2nd period - Slapshot by Morgan Rielly.
11:30 of 2nd period - Shot Blocked by Jason Dickinson.
12:08 of 2nd period - Slapshot by Dawson Mercer.
12:08 of 2nd period - Shot Misses the Net.
12:10 of 2nd period - Slapshot by Will Smith.
12:10 of 2nd period - Stopped by Adin Hill with a rebound.
12:12 of 2nd period - Snap shot by Dawson Mercer.
12:12 of 2nd period - Deflect By Will Smith.
12:12 of 2nd period - Shot Misses the Net.
12:12 of 2nd period - Puck is out of play.
12:13 of 2nd period - Nate Danielson wins face-off versus Dylan Strome in Oilers zone.
13:01 of 2nd period - Wrist shot by Will Smith.
13:01 of 2nd period - Stopped by Adin Hill without a rebound.
13:02 of 2nd period - Will Smith wins face-off versus Brayden Yager in Oilers zone.
13:07 of 2nd period - Wrist shot by Dawson Mercer.
13:07 of 2nd period - Stopped by Adin Hill with a rebound.
13:09 of 2nd period - Snap shot by Dawson Mercer.
13:09 of 2nd period - Stopped by Adin Hill with a rebound.
13:11 of 2nd period - Wrist shot by Dawson Mercer.
13:11 of 2nd period - Shot Misses the Net.
13:29 of 2nd period - William Nylander is hit by Jujhar Khaira and loses puck.
13:37 of 2nd period - Off-side.
13:38 of 2nd period - Nick Suzuki wins face-off versus Bryan Rust in neutral zone.
14:13 of 2nd period - Snap shot by Michael Bunting.
14:13 of 2nd period - Shot Misses the Net.
14:15 of 2nd period - Snap shot by Michael Bunting.
14:15 of 2nd period - Deflect By Nick Suzuki.
14:15 of 2nd period - Stopped by Adin Hill with a rebound.
14:17 of 2nd period - Slapshot by Ryan Graves.
14:17 of 2nd period - Stopped by Adin Hill without a rebound.
14:18 of 2nd period - Nate Danielson wins face-off versus Dylan Strome in Oilers zone.
14:45 of 2nd period - Jake Bean is hit by Kailer Yamamoto and loses puck.
15:10 of 2nd period - Wrist shot by Brayden Yager.
15:10 of 2nd period - Shot Blocked by Nicklas Backstrom.
15:12 of 2nd period - Wrist shot by Brayden Yager.
15:12 of 2nd period - Stopped by Marc-Andre Fleury without a rebound.
15:13 of 2nd period - Dylan Strome wins face-off versus Nate Danielson in Maple Leafs zone.
15:40 of 2nd period - Kailer Yamamoto is hit by Michael Bunting and loses puck.
16:07 of 2nd period - Wrist shot by Kris Letang.
16:07 of 2nd period - Deflect By Seth Jones.
16:07 of 2nd period - Stopped by Adin Hill with a rebound.
17:08 of 2nd period - Wrist shot by Nate Danielson.
17:08 of 2nd period - Stopped by Marc-Andre Fleury without a rebound.
17:09 of 2nd period - Jonathan Marchessault wins face-off versus Bryan Rust in Maple Leafs zone.
17:09 of 2nd period - Jonathan Marchessault is hit by Seth Jones.
17:32 of 2nd period - Icing by Andrew Peeke.
17:33 of 2nd period - Matthew Wood wins face-off versus Dylan Strome in Maple Leafs zone.
17:34 of 2nd period - Wrist shot by Nate Danielson.
17:34 of 2nd period - Stopped by Marc-Andre Fleury without a rebound.
17:35 of 2nd period - Dylan Strome wins face-off versus Brayden Yager in Maple Leafs zone.
17:40 of 2nd period - Mattias Samuelsson is hit by Jonathan Marchessault and loses puck.
17:45 of 2nd period - Snap shot by William Nylander.
17:45 of 2nd period - Stopped by Adin Hill with a rebound.
17:47 of 2nd period - Slapshot by Sean Durzi.
17:47 of 2nd period - Shot Misses the Net.
18:09 of 2nd period - Slapshot by Matthew Wood.
18:09 of 2nd period - Shot Misses the Net.
18:25 of 2nd period - Wrist shot by Dawson Mercer.
18:25 of 2nd period - Stopped by Adin Hill without a rebound.
18:26 of 2nd period - Will Smith wins face-off versus Bryan Rust in Oilers zone.
18:37 of 2nd period - Jake Bean is hit by Kailer Yamamoto and loses puck.
18:42 of 2nd period - Snap shot by Bryan Rust.
18:42 of 2nd period - Shot Misses the Net.
18:53 of 2nd period - Minor Penalty to Nate Danielson for Slashing.
18:54 of 2nd period - Dylan Strome wins face-off versus Ryan McLeod in Oilers zone.
19:22 of 2nd period - Wrist shot by Jonathan Marchessault.
19:22 of 2nd period - Goal by Jonathan Marchessault - Maple Leafs : 2 - Oilers : 1.
19:23 of 2nd period - Dylan Strome wins face-off versus Brayden Yager in neutral zone.
19:53 of 2nd period - Jake Bean is hit by Jujhar Khaira and loses puck.
Goals for this period are 2 for Maple Leafs vs 1 for Oilers.
Shots for this period are 14 for Maple Leafs vs 13 for Oilers.

3rd period


0:01 of 3rd period - Bryan Rust wins face-off versus Dylan Strome in neutral zone.
0:01 of 3rd period - Bryan Rust is hit by Dylan Strome.
0:07 of 3rd period - Kailer Yamamoto is hit by William Nylander.
0:11 of 3rd period - Dylan Strome is hit by Bryan Rust and loses puck.
0:51 of 3rd period - Seth Jones is hit by Ross Colton and loses puck.
0:59 of 3rd period - Minor Penalty to Ross Colton for Goalie Interference.
1:00 of 3rd period - Bryan Rust wins face-off versus William Nylander in Maple Leafs zone.
1:01 of 3rd period - Slapshot by Kailer Yamamoto.
1:01 of 3rd period - Shot Misses the Net.
1:19 of 3rd period - Slapshot by Nick Suzuki.
1:19 of 3rd period - Stopped by Adin Hill with a rebound.
1:21 of 3rd period - Wrist shot by Nick Suzuki.
1:21 of 3rd period - Shot Blocked by Jason Dickinson.
1:31 of 3rd period - Slapshot by Seth Jones.
1:31 of 3rd period - Deflect By Matthew Wood.
1:31 of 3rd period - Stopped by Marc-Andre Fleury without a rebound.
1:32 of 3rd period - Nate Danielson wins face-off versus William Nylander in Maple Leafs zone.
2:29 of 3rd period - Kailer Yamamoto is hit by Ryan Graves and loses puck.
2:59 of 3rd period - Penalty to Ross Colton is over, Ross Colton is back on ice.
3:02 of 3rd period - Ryan Graves is hit by Mattias Samuelsson and loses puck.
3:13 of 3rd period - Wrist shot by Brayden Yager.
3:13 of 3rd period - Stopped by Marc-Andre Fleury with a rebound.
3:15 of 3rd period - Snap shot by Oskar Sundqvist.
3:15 of 3rd period - Stopped by Marc-Andre Fleury with a rebound.
3:31 of 3rd period - Slapshot by Cameron York.
3:31 of 3rd period - Stopped by Marc-Andre Fleury without a rebound.
3:32 of 3rd period - Dakota Joshua wins face-off versus Nick Suzuki in Maple Leafs zone.
3:51 of 3rd period - Slapshot by Cameron York.
3:51 of 3rd period - Stopped by Marc-Andre Fleury with a rebound.
4:15 of 3rd period - Brett Kulak and Jake Bean fight to a draw.
4:15 of 3rd period - Penalty to Brett Kulak for Fighting.
4:15 of 3rd period - Penalty to Jake Bean for Fighting.
4:16 of 3rd period - Bryan Rust wins face-off versus Nick Suzuki in neutral zone.
4:25 of 3rd period - Snap shot by Kailer Yamamoto.
4:25 of 3rd period - Shot Misses the Net.
4:27 of 3rd period - Snap shot by Samuel Girard.
4:27 of 3rd period - Shot Blocked by Morgan Rielly.
4:43 of 3rd period - Nate Danielson is hit by Dylan Strome and loses puck.
5:40 of 3rd period - Carter Verhaeghe is hit by Bryan Rust and loses puck.
6:00 of 3rd period - Dylan Strome is hit by Matthew Wood and loses puck.
6:29 of 3rd period - Kris Letang is hit by Ryan McLeod and loses puck.
6:58 of 3rd period - Dakota Joshua is hit by Carter Verhaeghe and loses puck.
7:37 of 3rd period - Wrist shot by Kailer Yamamoto.
7:37 of 3rd period - Shot Blocked by William Nylander.
7:57 of 3rd period - Snap shot by Will Smith.
7:57 of 3rd period - Deflect By Ross Colton.
7:57 of 3rd period - Stopped by Adin Hill with a rebound.
7:59 of 3rd period - Wrist shot by Will Smith.
7:59 of 3rd period - Shot Misses the Net.
8:09 of 3rd period - Ryan McLeod is hit by Carter Verhaeghe and loses puck.
8:28 of 3rd period - Seth Jones is hit by Andrew Peeke.
8:32 of 3rd period - Brayden Yager is hit by Ryan Graves and loses puck.
8:37 of 3rd period - Backhand shot by William Nylander.
8:37 of 3rd period - Goal by William Nylander - Maple Leafs : 3 - Oilers : 1.
8:38 of 3rd period - Bryan Rust wins face-off versus Dylan Strome in neutral zone.
9:20 of 3rd period - Mattias Samuelsson is hit by Dylan Strome and loses puck.
9:47 of 3rd period - Snap shot by Cameron York.
9:47 of 3rd period - Stopped by Marc-Andre Fleury with a rebound.
9:49 of 3rd period - Snap shot by Brayden Yager.
9:49 of 3rd period - Shot Misses the Net.
9:51 of 3rd period - Wrist shot by Ryan McLeod.
9:51 of 3rd period - Shot Misses the Net.
9:53 of 3rd period - Slapshot by Cameron York.
9:53 of 3rd period - Shot Misses the Net.
9:55 of 3rd period - Wrist shot by Brayden Yager.
9:55 of 3rd period - Stopped by Marc-Andre Fleury without a rebound.
9:56 of 3rd period - Matthew Wood wins face-off versus Nick Suzuki in Maple Leafs zone.
10:03 of 3rd period - Slapshot by Matthew Wood.
10:03 of 3rd period - Shot Misses the Net.
10:21 of 3rd period - Minor Penalty to Jason Dickinson for Hooking.
10:22 of 3rd period - Nate Danielson wins face-off versus Dylan Strome in Oilers zone.
11:29 of 3rd period - Cameron York is hit by Dylan Strome and loses puck.
12:21 of 3rd period - Penalty to Jason Dickinson is over, Jason Dickinson is back on ice.
12:28 of 3rd period - Backhand shot by Seth Jones.
12:28 of 3rd period - Shot Blocked by Jake Bean.
12:44 of 3rd period - Snap shot by Seth Jones.
12:44 of 3rd period - Deflect By Nicklas Backstrom.
12:44 of 3rd period - Stopped by Marc-Andre Fleury with a rebound.
12:46 of 3rd period - Slapshot by Samuel Girard.
12:46 of 3rd period - Shot Misses the Net.
13:28 of 3rd period - Snap shot by Matthew Wood.
13:28 of 3rd period - Stopped by Marc-Andre Fleury with a rebound.
14:23 of 3rd period - Minor Penalty to Calle Jarnkrok for Hooking.
14:24 of 3rd period - Dylan Strome wins face-off versus Bryan Rust in Maple Leafs zone.
14:57 of 3rd period - Snap shot by Dylan Strome.
14:57 of 3rd period - Shot Misses the Net.
15:45 of 3rd period - Sean Durzi is hit by Nate Danielson and loses puck.
16:23 of 3rd period - Penalty to Calle Jarnkrok is over, Calle Jarnkrok is back on ice.
16:36 of 3rd period - Slapshot by Kris Letang.
16:36 of 3rd period - Shot Misses the Net.
16:46 of 3rd period - Snap shot by Nicolas Deslauriers.
16:46 of 3rd period - Stopped by Marc-Andre Fleury without a rebound.
16:47 of 3rd period - Jason Spezza wins face-off versus Dakota Joshua in Maple Leafs zone.
16:54 of 3rd period - Snap shot by Jason Spezza.
16:54 of 3rd period - Stopped by Adin Hill without a rebound.
16:55 of 3rd period - Will Smith wins face-off versus Brayden Yager in Oilers zone.
16:55 of 3rd period - Dawson Mercer is hit by Ryan McLeod and loses puck.
17:02 of 3rd period - Snap shot by Oskar Sundqvist.
17:02 of 3rd period - Shot Hit the Post.
17:04 of 3rd period - Snap shot by Ryan McLeod.
17:04 of 3rd period - Shot Misses the Net.
17:06 of 3rd period - Slapshot by Cameron York.
17:06 of 3rd period - Stopped by Marc-Andre Fleury with a rebound.
17:08 of 3rd period - Snap shot by Oskar Sundqvist.
17:08 of 3rd period - Stopped by Marc-Andre Fleury with a rebound.
17:10 of 3rd period - Snap shot by Ryan McLeod.
17:10 of 3rd period - Stopped by Marc-Andre Fleury without a rebound.
17:11 of 3rd period - Bryan Rust wins face-off versus Jason Spezza in Maple Leafs zone.
17:22 of 3rd period - Snap shot by Bryan Rust.
17:22 of 3rd period - Shot Blocked by Nicklas Backstrom.
17:24 of 3rd period - Snap shot by Jason Dickinson.
17:24 of 3rd period - Goal by Jason Dickinson - Maple Leafs : 3 - Oilers : 2.
17:25 of 3rd period - Brayden Yager wins face-off versus Will Smith in neutral zone.
17:50 of 3rd period - Samuel Girard is hit by Calle Jarnkrok and loses puck.
18:56 of 3rd period - Slapshot by Brayden Yager.
18:56 of 3rd period - Shot Misses the Net.
18:58 of 3rd period - Slapshot by Brayden Yager.
18:58 of 3rd period - Shot Misses the Net.
19:00 of 3rd period - Oilers, Adin Hill is pulled from the net.
19:00 of 3rd period - Slapshot by Seth Jones.
19:00 of 3rd period - Shot Misses the Net.
19:26 of 3rd period - Backhand shot by Jason Dickinson.
19:26 of 3rd period - Goal by Jason Dickinson - Maple Leafs : 3 - Oilers : 3.
19:26 of 3rd period - Adin Hill from Oilers was sent back in the game.
19:27 of 3rd period - Will Smith wins face-off versus Brayden Yager in neutral zone.
19:27 of 3rd period - Morgan Rielly is hit by Oskar Sundqvist and loses puck.
19:38 of 3rd period - Wrist shot by Dawson Mercer.
19:38 of 3rd period - Shot Misses the Net.
19:40 of 3rd period - Backhand shot by Dawson Mercer.
19:40 of 3rd period - Shot Misses the Net.
19:42 of 3rd period - Slapshot by Will Smith.
19:42 of 3rd period - Shot Misses the Net.
19:54 of 3rd period - Samuel Girard is hit by Kris Letang and loses puck.
Goals for this period are 1 for Maple Leafs vs 2 for Oilers.
Shots for this period are 4 for Maple Leafs vs 15 for Oilers.

Overtime #1


0:01 of 1st overtime period - Dylan Strome wins face-off versus Nate Danielson in neutral zone.
1:07 of 1st overtime period - Matthew Wood is hit by Jonathan Marchessault and loses puck.
2:57 of 1st overtime period - Will Smith is hit by Brayden Yager and loses puck.
4:17 of 1st overtime period - Jujhar Khaira is hit by Carter Verhaeghe and loses puck.
Goals for this period are 0 for Maple Leafs vs 0 for Oilers.
Shots for this period are 0 for Maple Leafs vs 0 for Oilers.

ShootOut


5:00 of 1st overtime period - Round #1.
5:00 of 1st overtime period - Maple Leafs, William Nylander.
5:00 of 1st overtime period - Backhand shot by William Nylander.
5:00 of 1st overtime period - Stopped by Adin Hill.
5:00 of 1st overtime period - Oilers, Bryan Rust.
5:00 of 1st overtime period - Deke by Bryan Rust.
5:00 of 1st overtime period - Stopped by Marc-Andre Fleury.
5:00 of 1st overtime period - Round #2.
5:00 of 1st overtime period - Maple Leafs, Jonathan Marchessault.
5:00 of 1st overtime period - Deke by Jonathan Marchessault.
5:00 of 1st overtime period - Stopped by Adin Hill.
5:00 of 1st overtime period - Oilers, Kailer Yamamoto.
5:00 of 1st overtime period - Wrist shot by Kailer Yamamoto.
5:00 of 1st overtime period - Goal by Kailer Yamamoto.
5:00 of 1st overtime period - Round #3.
5:00 of 1st overtime period - Maple Leafs, Dylan Strome.
5:00 of 1st overtime period - Deke by Dylan Strome.
5:00 of 1st overtime period - Shot Misses the Net.